 Dungeon Crawl Stone Soup version 0.32-a0-33-g74fbe469d6 (webtiles) character file.

Game seed: 13972102696279307074

83277 cforsyth the Warrior (level 16, -4/132 HPs)
             Began as a Djinni Alchemist on Jan 21, 2024.
             Was a High Priest of Nemelex Xobeh.
             Slain by a skeletal warrior
             ... wielding a +0 halberd
              (23 damage)
             ... on level 13 of the Dungeon.
             The game lasted 01:04:16 (24169 turns).

cforsyth the Warrior (Djinni Alchemist)            Turns: 24169, Time: 01:04:16

Health: -4/132     AC: 10    Str:  7    XL:     16   Next: 24%
Gold:   1962       EV: 16    Int: 25    God:    Nemelex Xobeh [*****.] SH:  0 Dex: 14

rFire   + + .        u - +5 trident "Otsoyff" {holy, rN+ Will++}
rCold   + . .        (no shield)
rNeg    + . .        L - +2 robe {rC+ rF+}
rPois   ∞            (no helmet)
rElec   .            E - +0 cloak
rCorr   .            d - +0 pair of gloves
SInv    .            (boots unavailable)
Will    +++..        Q - amulet of regeneration
Stlth   ++           D - ring of ice
HPRegen 1.22/turn    o - +4 ring of protection
MPRegen 0.00/turn

%: infuse magic (-5 HP)
@: flying
A: sickness immunity, fire resistance 2, cold vulnerability 1, float, innate
caster, HP casting, extra vitality 1
a: Renounce Religion, Draw Escape, Draw Destruction, Draw Summoning, Triple
Draw, Deal Four, Stack Five


You were on level 13 of the Dungeon.
You worshipped Nemelex Xobeh.
Nemelex Xobeh was extremely pleased with you.
You visited 4 branches of the dungeon, and saw 21 of its levels.

You collected 2407 gold pieces.
You spent 445 gold pieces at shops.

Inventory:

Hand Weapons
 u - the +5 trident "Otsoyff" (weapon) {holy, rN+ Will++}
   (You took it off an orc on level 4 of the Dungeon)

   rN+:       It protects you from negative energy.
   Will++:    It greatly increases your willpower.
 W - the +5 flail of the Warrior-Mage {spect, Int+5}
   (You bought it in a shop on level 2 of the Orcish Mines)

   Int+5:     It affects your intelligence (+5).
Armour
 d - a +0 pair of gloves (worn)
 w - a +1 leather armour of fire resistance
 E - a +0 cloak (worn)
 L - a +2 robe of resistance (worn)
 V - a +0 troll leather armour
Jewellery
 n - a +6 ring of dexterity
 o - a +4 ring of protection (right hand)
 p - an amulet of the acrobat
 A - a ring of fire
 D - a ring of ice (left hand)
 F - a +4 ring of protection
 K - a ring of ice
 N - a ring of resist corrosion
 Q - an amulet of regeneration (around neck)
Wands
 h - a wand of quicksilver (10)
 y - a wand of roots (12)
 B - a wand of mindburst (38)
 C - a wand of charming (17)
 M - a wand of digging (2)
 O - a wand of flame (25)
 T - a wand of polymorph (8)
Scrolls
 a - 2 scrolls of torment
 c - 5 scrolls of brand weapon {unknown}
 g - 4 scrolls of enchant armour {unknown}
 i - 4 scrolls of summoning {unknown}
 j - 3 scrolls of fear
 k - 3 scrolls of poison {unknown}
 l - 3 scrolls of noise {unknown}
 m - 9 scrolls of teleportation
 q - 4 scrolls of revelation {unknown}
 s - 4 scrolls of enchant weapon {unknown}
 z - 5 scrolls of immolation
 G - 4 scrolls of blinking
 H - 3 scrolls of fog
 J - 2 scrolls of silence
 U - 3 scrolls of vulnerability {unknown}
Potions
 b - 9 potions of curing
 f - 5 potions of attraction
 t - a potion of invisibility
 v - a potion of cancellation
 x - 4 potions of mutation
 I - 6 potions of berserk rage
 P - 3 potions of enlightenment
 R - a potion of lignification {unknown}
 S - a potion of ambrosia
Miscellaneous
 r - a condenser vane


   Skills:
 - Level 18.0 Fighting
 + Level 9.7 Dodging
 - Level 1.5 Stealth
 + Level 15.4 Spellcasting
 + Level 15.4 Conjurations
 + Level 15.4 Hexes
   Level 0.0 Charms
 + Level 15.4 Summonings
 + Level 15.4 Necromancy
 + Level 15.4 Translocations
   Level 0.0 Transmutations
 + Level 15.4 Fire Magic
 + Level 15.4 Ice Magic
 + Level 15.4 Air Magic
 + Level 15.4 Earth Magic
 + Level 15.4 Alchemy


You knew the following spells:

 Your Spells              Type           Power      Damage    Failure   Level
a - Sting                 Conj/Alch      100%       1d9       0%          1
b - Mercury Vapours       Alch/Air       100%       N/A       0%          2
c - Mephitic Cloud        Conj/Alch/Air  77%        N/A       0%          3
d - Olgreb's Toxic Radia  Alch           77%        N/A       1%          4
e - Sticky Flame          Fire/Alch      77%        2d12      1%          4
f - Apportation           Tloc           100%       N/A       0%          1
g - Static Discharge      Conj/Air       100%       3-8/arc   0%          2
h - Sigil of Binding      Hex            77%        N/A       0%          3
i - Passwall              Erth           77%        N/A       0%          3
j - Animate Dead          Necr           77%        N/A       1%          4
k - Iskenderun's Battles  Conj           77%        2d13      1%          5
l - Summon Cactus Giant   Summ           38%        N/A       1%          6
Your spell library was empty.

Dungeon Overview and Level Annotations

Branches:
Dungeon (13/15)            Temple (1/1) D:6            Lair (5/5) D:8
  Swamp (0/4) Lair:2       Spider (0/4) Lair:2        Slime (0/5) Lair:5
    Orc (2/2) D:10            Elf (0/3) Orc:2        Vaults (0/5) D:13

Altars:
Ashenzari
Cheibriados
Dithmenos
Elyvilon
Fedhas
Gozag
Hepliaklqana
Makhleb
Nemelex Xobeh
Okawaru
Qazlal
Ru
Trog
Uskayaw
Wu Jian
Xom
Yredelemnul
Zin
The Shining One
Jiyva
Lugonu

Shops:
D:1 *   D:7 ?   D:11 =   Orc:2 [=**(

Annotations:
D:9 2 runed translucent doors, hito's ghost, journeyman DjGl
Orc:1 1 runed translucent door


Innate Abilities, Weirdness & Mutations

You are immune to sickness and miasma.
You are immune to poison.
Your flesh is very heat resistant. (rF++)
You are vulnerable to cold. (rC-)
You float through the air rather than walking.
You learn spells naturally, not from books.
Your magical power is your life essence.
You have superior vitality. (+4 MHP)


Message History

The skeletal warrior hits you from afar with a +0 halberd.
* * * LOW HITPOINT WARNING * * *
Casting: Sting (safe; 0% risk of failure)
Confirm with . or Enter, or press ? or * to list all spells.
Aiming: Sting (safe; 0% risk of failure)
Press: ? - help, Shift-Dir - straight line, f/p - skeletal warrior
Aim: a skeletal warrior, wielding a +0 halberd (almost destroyed, ally target, 78% to hit)
The sting hits the skeletal warrior but does no damage.
The skeletal warrior is almost destroyed.
* * * LOW HITPOINT WARNING * * *
Your battlesphere fires!
The barrage of energy hits the skeletal warrior but does no damage.
The skeletal warrior is almost destroyed.
The skeletal warrior hits you from afar with a +0 halberd!
* * * LOW HITPOINT WARNING * * *
Casting: Sting (safe; 0% risk of failure)
Confirm with . or Enter, or press ? or * to list all spells.
Aiming: Sting (safe; 0% risk of failure)
Press: ? - help, Shift-Dir - straight line, f/p - skeletal warrior
Aim: a skeletal warrior, wielding a +0 halberd (almost destroyed, ally target, 78% to hit)
The sting hits the skeletal warrior.
The skeletal warrior partially resists.
The skeletal warrior is almost destroyed.
* * * LOW HITPOINT WARNING * * *
Your battlesphere fires!
The barrage of energy hits the skeletal warrior!
The skeletal warrior is almost destroyed.
Your battlesphere expends the last of its energy and dissipates.
The skeletal warrior hits you but does no damage.
Casting: Sting (safe; 0% risk of failure)
Confirm with . or Enter, or press ? or * to list all spells.
Okay, then.
Unknown command.
You feel much better.
The skeletal warrior hits you from afar with a +0 halberd!!
* * * LOW HITPOINT WARNING * * *
Your cactus giant hits the skeletal warrior but does no damage.
The skeletal warrior attacks as it pursues you!
The skeletal warrior hits you from afar with a +0 halberd!!
You die...
Your body disappears without a glow.

#.....#.... #.).......#
##.#.....## ###
#C####### ..# #)# #.#
#°# ## #.# #z# .## #.#
#.# ..##### #.# #@#
∩..#..###.######.#
.................#
......###........######
....#.....#####.........
....#####.# ##########
.....#....# #...#######
##.##


You could see a skeletal warrior (ally target) and a friendly cactus giant
(summoned).

Vanquished Creatures
  An ironbound preserver (D:13)
  Nessos (D:12)
  Snorg (D:10)
  A fire dragon (Lair:5)
  Erolcha (Orc:1)
  3 hydras
  3 centaur warriors
  2 catoblepae (Lair:5)
  2 two-headed ogres (D:11)
  A death knight (D:12)
  2 orc high priests
  2 boulder beetles
  3 death yaks
  A skeletal warrior (D:13)
  3 skysharks
  A glowing orange brain (D:13)
  A lindwurm (Lair:5)
  4 orc knights (Orc:2)
  Pikel (D:6)
  An ugly thing (D:11)
  An orc sorcerer (Orc:2)
  A cyclops (D:12)
  7 kobold blastminers
  Joseph (D:8)
  16 elephants
  5 black mambas
  8 torpor snails
  3 kobold demonologists
  Maggie (D:6)
  3 gargoyles
  10 cane toads
  12 komodo dragons
  6 rime drakes
  Jeremiah (D:8)
  2 freezing wraiths (D:12)
  6 trolls
  2 polar bears
  5 tyrant leeches
  7 hornets (Lair:5)
  Grinder (D:4)
  40 blink frogs
  9 dream sheep (Lair:5)
  4 slime creatures
  Sigmund (D:5)
  5 wraiths
  A wyvern (D:7)
  A shadow (D:12)
  4 basilisks
  54 yaks
  A warg (Orc:1)
  2 swamp worms (Lair:2)
  Edmund (D:4)
  4 acid dragons
  16 water moccasins
  Duvessa (D:4)
  A swamp drake (Lair:5)
  35 orc warriors
  3 sky beasts
  An ice beast (D:7)
  8 ogres
  13 centaurs
  16 wolves
  2 lemures (D:6)
  4 phantoms
  3 kobold brigands
  14 bullfrogs
  4 gnoll sergeants
  5 scorpions
  A wight (D:8)
  Dowan (D:4)
  24 killer bees
  3 howler monkeys
  4 jellies
  2 bombardier beetles
  Crazy Yiuf (D:6)
  17 orc priests
  9 iguanas
  2 hounds
  3 sleepcaps
  Terence (D:2)
  29 orc wizards
  A sky beast zombie (D:8)
  23 gnolls
  8 adders
  2 white imps
  5 dart slugs
  3 ribbon worms
  76 orcs
  5 bats
  4 endoplasms
  5 giant cockroaches
  9 goblins
  9 hobgoblins
  17 kobolds
  4 quokkas
  6 ball pythons
  3 frilled lizards
  5 rats
668 creatures vanquished.

Vanquished Creatures (collateral kills)
  A fire dragon (Lair:5)
  2 skeletal warriors (D:13)
  A swamp dragon (Lair:5)
  A basilisk (Lair:5)
  A wyvern (Lair:5)
  A water moccasin (Lair:5)
  A howler monkey (D:13)
  2 jellies (Lair:5)
  An orc (D:8)
11 creatures vanquished.

Grand Total: 679 creatures vanquished

Notes
Turn   | Place    | Note
-------+----------+-------------------------------------------
     0 | D:1      | cforsyth the Djinni Alchemist began the quest for the Orb.
     0 | D:1      | cforsyth set off with the following spells memorised:
                  | Sting, Mercury Vapours, Mephitic Cloud, Olgreb's Toxic
                  | Radiance, Sticky Flame.
     0 | D:1      | Reached XP level 1. HP: 15/15 MP: 0/0
    86 | D:1      | Reached skill level 1 in Fighting
    86 | D:1      | Reached XP level 2. HP: 16/22 MP: 0/0
   228 | D:1      | Found Cuvotsie's Assorted Antiques.
   232 | D:1      | Bought a scroll labelled BEARAN TYHITH for 25 gold pieces
   241 | D:1      | Reached XP level 3. HP: 25/27 MP: 0/0
   241 | D:1      | Learned a level 1 spell: Apportation
   654 | D:2      | Reached skill level 2 in Fighting
   818 | D:2      | Reached XP level 4. HP: 18/33 MP: 0/0
   931 | D:2      | Noticed Terence
   938 | D:2      | Killed Terence
  1614 | D:3      | Reached skill level 3 in Fighting
  1614 | D:3      | Reached XP level 5. HP: 18/40 MP: 0/0
  1614 | D:3      | Learned a level 2 spell: Static Discharge
  1699 | D:3      | Noticed a water moccasin
  1873 | D:3      | Killed a water moccasin
  1874 | D:3      | Reached XP level 6. HP: 34/47 MP: 0/0
  1959 | D:3      | Reached skill level 4 in Fighting
  2645 | D:4      | Reached XP level 7. HP: 42/53 MP: 0/0
  2645 | D:4      | Learned a level 3 spell: Sigil of Binding
  2699 | D:4      | Noticed Duvessa
  2699 | D:4      | Noticed Dowan
  2725 | D:4      | Killed Dowan
  2870 | D:4      | Found the +5 woodcutter's axe
  2892 | D:4      | Reached skill level 5 in Fighting
  2892 | D:4      | Reached skill level 5 in Spellcasting
  2892 | D:4      | Reached skill level 5 in Conjurations
  2892 | D:4      | Reached skill level 5 in Hexes
  2892 | D:4      | Reached skill level 5 in Summonings
  2892 | D:4      | Reached skill level 5 in Necromancy
  2892 | D:4      | Reached skill level 5 in Translocations
  2892 | D:4      | Reached skill level 5 in Fire Magic
  2892 | D:4      | Reached skill level 5 in Ice Magic
  2892 | D:4      | Reached skill level 5 in Air Magic
  2892 | D:4      | Reached skill level 5 in Earth Magic
  2892 | D:4      | Reached skill level 5 in Alchemy
  2968 | D:4      | Noticed Grinder
  2980 | D:4      | Killed Grinder
  3164 | D:4      | Reached XP level 8. HP: 55/61 MP: 0/0
  3207 | D:4      | Reached skill level 6 in Fighting
  3510 | D:4      | Found an ornate altar of the Wu Jian Council.
  3803 | D:4      | Found a shimmering altar of Xom.
  3938 | D:4      | Reached skill level 7 in Fighting
  3971 | D:4      | Found a hide-covered altar of Uskayaw.
  3973 | D:4      | Found a stormy altar of Qazlal.
  4022 | D:4      | Noticed Edmund
  4041 | D:4      | Killed Edmund
  4114 | D:4      | Identified the +5 trident "Otsoyff" {holy, rN+ Will++}
  4127 | D:4      | Killed Duvessa
  4128 | D:4      | Reached XP level 9. HP: 54/68 MP: 0/0
  4128 | D:4      | Learned a level 3 spell: Passwall
  4251 | D:5      | Entered Level 5 of the Dungeon
  4318 | D:5      | Noticed Sigmund
  4325 | D:5      | Killed Sigmund
  4476 | D:5      | Reached skill level 8 in Fighting
  5545 | D:6      | Found a staircase to the Ecumenical Temple.
  5553 | Temple   | Entered the Ecumenical Temple
  5566 | Temple   | Became a worshipper of Nemelex Xobeh the Trickster
  5604 | D:6      | Noticed Maggie
  5620 | D:6      | Killed Maggie
  5621 | D:6      | Reached skill level 9 in Fighting
  5777 | D:6      | Reached XP level 10. HP: 49/78 MP: 0/0
  6038 | D:6      | Noticed Pikel
  6053 | D:6      | Killed Pikel
  6054 | D:6      | Reached skill level 10 in Fighting
  6287 | D:6      | Found a runed translucent door.
  6288 | D:6      | Noticed Crazy Yiuf
  6381 | D:6      | Killed Crazy Yiuf
  7222 | D:7      | Reached * piety under Nemelex Xobeh
  7290 | D:7      | Found Puileur's Magic Scroll Boutique.
  7293 | D:7      | Bought a scroll of blinking for 90 gold pieces
  7293 | D:7      | Bought a scroll of identify for 24 gold pieces
  7293 | D:7      | Bought a scroll of teleportation for 36 gold pieces
  7293 | D:7      | Bought a scroll of identify for 24 gold pieces
  7398 | D:7      | Reached skill level 11 in Fighting
  7719 | D:8      | Found a snail-covered altar of Cheibriados.
  7732 | D:8      | Found a bloodstained altar of Trog.
  7796 | D:8      | Noticed Jeremiah
  7805 | D:8      | Killed Jeremiah
  7806 | D:8      | Reached XP level 11. HP: 71/87 MP: 0/0
  7806 | D:8      | Learned a level 4 spell: Animate Dead
  7807 | D:8      | Received a gift from Nemelex Xobeh
  8088 | D:8      | Noticed a centaur warrior
  8104 | D:8      | Killed a centaur warrior
  8478 | D:8      | Reached skill level 12 in Fighting
  9085 | D:8      | Found a staircase to the Lair.
  9165 | D:9      | Noticed Joseph
  9176 | D:8      | Killed Joseph
  9369 | D:9      | Found a large runed translucent door.
  9369 | D:9      | Found a large runed translucent door.
  9377 | D:9      | Noticed hito's ghost (journeyman DjGl)
  9568 | D:9      | Reached skill level 10 in Spellcasting
  9568 | D:9      | Reached skill level 10 in Conjurations
  9568 | D:9      | Reached skill level 10 in Hexes
  9568 | D:9      | Reached skill level 10 in Summonings
  9568 | D:9      | Reached skill level 10 in Necromancy
  9568 | D:9      | Reached skill level 10 in Translocations
  9568 | D:9      | Reached skill level 10 in Fire Magic
  9568 | D:9      | Reached skill level 10 in Ice Magic
  9568 | D:9      | Reached skill level 10 in Air Magic
  9568 | D:9      | Reached skill level 10 in Earth Magic
  9568 | D:9      | Reached skill level 10 in Alchemy
  9726 | D:9      | Found an iron altar of Okawaru.
  9983 | D:9      | Found a burning altar of Makhleb.
 10573 | D:10     | Entered Level 10 of the Dungeon
 10584 | D:10     | Noticed Snorg
 10989 | D:10     | Found a basalt altar of Yredelemnul.
 11013 | D:10     | Reached ** piety under Nemelex Xobeh
 11050 | D:10     | Found a staircase to the Orcish Mines.
 11322 | D:10     | Reached skill level 13 in Fighting
 11354 | D:10     | Killed Snorg
 11355 | D:10     | Reached XP level 12. HP: 19/98 MP: 0/0
 12019 | D:11     | Found Utotuh's Jewellery Shop.
 12025 | D:11     | Noticed a two-headed ogre
 12027 | D:11     | Noticed a two-headed ogre
 12043 | D:11     | Killed a two-headed ogre
 12045 | D:11     | Killed a two-headed ogre
 12129 | D:11     | Received a gift from Nemelex Xobeh
 12587 | D:11     | Reached *** piety under Nemelex Xobeh
 13061 | D:12     | Found a corrupted altar of Lugonu.
 13398 | D:12     | Noticed a boulder beetle
 13406 | D:12     | Killed a boulder beetle
 13407 | D:12     | Reached skill level 14 in Fighting
 13408 | D:12     | Noticed Nessos
 13424 | D:12     | Killed Nessos
 13930 | D:12     | Noticed a death knight
 14774 | D:12     | Killed a death knight
 15335 | Lair:1   | Entered Level 1 of the Lair of Beasts
 15463 | Lair:1   | Reached XP level 13. HP: 101/106 MP: 0/0
 15463 | Lair:1   | Learned a level 5 spell: Iskenderun's Battlesphere
 15675 | Lair:1   | Received a gift from Nemelex Xobeh
 15860 | Lair:1   | Reached skill level 15 in Fighting
 16148 | Lair:2   | Received a gift from Nemelex Xobeh
 16398 | Lair:2   | Reached **** piety under Nemelex Xobeh
 16786 | Lair:2   | Found a hole to the Spider Nest.
 16787 | Lair:2   | Noticed a four-headed hydra
 16900 | Lair:2   | Received a gift from Nemelex Xobeh
 17116 | Lair:2   | Killed a four-headed hydra
 17198 | Lair:2   | Reached skill level 16 in Fighting
 17311 | Lair:2   | Noticed a four-headed hydra
 17320 | Lair:2   | Killed a four-headed hydra
 17524 | Lair:2   | Found a staircase to the Swamp.
 17839 | Lair:3   | Reached XP level 14. HP: 86/117 MP: 0/0
 18149 | Lair:3   | Received a gift from Nemelex Xobeh
 18597 | Lair:3   | Reached ***** piety under Nemelex Xobeh
 18606 | Lair:3   | Received a gift from Nemelex Xobeh
 18786 | Lair:4   | Reached skill level 17 in Fighting
 19618 | Lair:4   | Received a gift from Nemelex Xobeh
 19950 | Lair:5   | Entered Level 5 of the Lair of Beasts
 19966 | Lair:5   | Reached XP level 15. HP: 66/126 MP: 0/0
 19966 | Lair:5   | Learned a level 6 spell: Summon Cactus Giant
 19976 | Lair:4   | Reached skill level 18 in Fighting
 20496 | Lair:5   | Received a gift from Nemelex Xobeh
 20659 | Lair:5   | Found a viscous altar of Jiyva.
 20671 | Lair:5   | Found a staircase to the Slime Pits.
 20939 | Lair:5   | Reached skill level 5 in Dodging
 21388 | Lair:5   | Received a gift from Nemelex Xobeh
 22225 | Orc:1    | Entered Level 1 of the Orcish Mines
 22437 | Orc:1    | Noticed Erolcha
 22447 | Orc:1    | Killed Erolcha
 22621 | Orc:1    | Received a gift from Nemelex Xobeh
 22807 | Orc:1    | Found a runed translucent door.
 22810 | Orc:1    | Noticed a balrug
 22922 | Orc:2    | Entered Level 2 of the Orcish Mines
 22953 | Orc:2    | Reached skill level 15 in Spellcasting
 22953 | Orc:2    | Reached skill level 15 in Conjurations
 22953 | Orc:2    | Reached skill level 15 in Hexes
 22953 | Orc:2    | Reached skill level 15 in Summonings
 22953 | Orc:2    | Reached skill level 15 in Necromancy
 22953 | Orc:2    | Reached skill level 15 in Translocations
 22953 | Orc:2    | Reached skill level 15 in Fire Magic
 22953 | Orc:2    | Reached skill level 15 in Ice Magic
 22953 | Orc:2    | Reached skill level 15 in Air Magic
 22953 | Orc:2    | Reached skill level 15 in Earth Magic
 22953 | Orc:2    | Reached skill level 15 in Alchemy
 22976 | Orc:2    | Found Ifepsett's Antique Weapon Shop.
 23219 | Orc:2    | Reached XP level 16. HP: 35/132 MP: 0/0
 23428 | Orc:2    | Bought a bone flail for 246 gold pieces
 23428 | Orc:2    | Identified the +5 flail of the Warrior-Mage {spect, Int+5}
                  | (You bought it in a shop on level 2 of the Orcish Mines)
 23508 | Orc:2    | Found Kuciup's Jewellery Boutique.
 23508 | Orc:2    | Found Fuegeas's General Store.
 23508 | Orc:2    | Found Suom's General Store.
 23511 | Orc:2    | Found Saniag's Antique Armour Shop.
 23678 | Orc:2    | Received a gift from Nemelex Xobeh
 23807 | Orc:2    | Found a staircase to the Elven Halls.
 24023 | D:13     | Found a gate to the Vaults.
 24169 | D:13     | Slain by a skeletal warrior

Illustrated notes

Levels and vault maps discovered:
D:1:      saegor_arrival_simple_a, layout_basic, serial_shops, shop
D:2:      layout_basic, minmay_tromino_v4_a, uniq_terence
D:3:      layout_rooms
D:4:      minmay_chambers_of_twos, layout_rooms, xom_butterflies,
          nzn_wu_jian_contemplation, grunt_temple_overflow_diamond, uniq_edmund,
          uniq_grinder, uniq_duvessa
D:5:      layout_cave_pools, uniq_sigmund
D:6:      layout_rooms, chequers_serial_rivers_small_b, uniq_pikel,
          uniq_crazy_yiuf_cottage, uniq_maggie
D:7:      layout_basic, serial_shops, nicolae_shop_rolled_up
D:8:      minmay_ornate_pinched, layout_basic, general_overflow_altar,
          lemuel_tele_altar, dpeg_oklobed_lair, serial_glass, glass_columns_c,
          glass_columns_a, uniq_jeremiah
D:9:      layout_basic, mainiacjoe_overflow_catwalk, kennysheep_little_box,
          ebering_ghost_disaster_area, uniq_joseph
D:10:     layout_grid_maze, yredelemnul_altar_generic, orc_0_dummy, uniq_snorg
D:11:     layout_basic, serial_rivers, chequers_serial_rivers_small_3,
          chequers_serial_rivers_room_b, chequers_serial_rivers_micro_e,
          chequers_serial_rivers_large_a, chequers_serial_rivers_small_b,
          serial_shops, nicolae_stop_n_shop_1, nicolae_vehumet_radiance
D:12:     layout_loops_ring, tgw_lugonu_bribe, uniq_nessos
D:13:     layout_loops_ring, hellmonk_vaults_order_and_chaos, nicolae_the_louvre
Temple:   hc_temple_tempest_star
Lair:1:   layout_chaotic_city, infiniplex_staircase_pool
Lair:2:   layout_cellular_growth, palyth_hydra_swamp_entry,
          nicolae_spider_entry_non_spiders
Lair:3:   layout_chaotic_city, grunt_megastairs_5
Lair:4:   layout_cave_pods
Lair:5:   guppyfry_lair_end_dragon, layout_regular_city, wormcave,
          nicolae_slime_entry_field_trip
Orc:1:    dreamdust_dug_too_deep, layout_diamond_mine, uniq_erolcha
Orc:2:    st_orc_rangers, layout_caves, serial_shops, shop

Skill      XL: |  1  2  3  4  5  6  7  8  9 10 11 12 13 14 15 16 |
---------------+-------------------------------------------------+-----
Fighting       | 1 2 3 4 5 7 9 11 13 14 16 17 18 | 18.0
Spellcasting   | 4 5 6 7 9 10 11 12 14 15 | 15.4
Conjurations   | 4 5 6 7 9 10 11 12 14 15 | 15.4
Hexes          | 4 5 6 7 9 10 11 12 14 15 | 15.4
Summonings     | 4 5 6 7 9 10 11 12 14 15 | 15.4
Necromancy     | 4 5 6 7 9 10 11 12 14 15 | 15.4
Translocations | 4 5 6 7 9 10 11 12 14 15 | 15.4
Fire Magic     | 4 5 6 7 9 10 11 12 14 15 | 15.4
Ice Magic      | 4 5 6 7 9 10 11 12 14 15 | 15.4
Air Magic      | 4 5 6 7 9 10 11 12 14 15 | 15.4
Earth Magic    | 4 5 6 7 9 10 11 12 14 15 | 15.4
Alchemy        | 4 5 6 7 9 10 11 12 14 15 | 15.4
Dodging        | 8 9 |  9.7
Stealth        | |  1.5

Action                     |  1- 3 |  4- 6 |  7- 9 | 10-12 | 13-15 | 16-18 || total
---------------------------+-------+-------+-------+-------+-------+-------++-------
  Melee: Unarmed           |       |       |     1 |       |     9 |       ||    10
   Cast: Sting             |    56 |   103 |   200 |   225 |   237 |     9 ||   830
         Mephitic Cloud    |       |     4 |    46 |    82 |    89 |     7 ||   228
         Sticky Flame      |       |       |    27 |    97 |   118 |    12 ||   254
         Olgreb's Toxic Ra |       |       |     2 |    77 |   246 |    32 ||   357
         Animate Dead      |       |       |       |     1 |       |       ||     1
         Iskenderun's Batt |       |       |       |       |    13 |     1 ||    14
         Summon Cactus Gia |       |       |       |       |     8 |     2 ||    10
    Use: Potion            |       |     1 |       |     3 |       |     1 ||     5
         Scroll            |       |       |       |    10 |     8 |     1 ||    19
 Armour: Robe              |     7 |    14 |    34 |    76 |   235 |    35 ||   401
         Leather armour    |       |       |    23 |    43 |       |       ||    66
  Dodge: Dodged            |     9 |    29 |    38 |   109 |   174 |    34 ||   393

Table legend: (Time is in decaauts)
 A = Elapsed time spent in this place.
 B = Non-inter-level travel time spent in this place.
 C = Inter-level travel time spent in this place.
 D = Time resting spent in this place.
 E = Time spent auto-exploring this place.
 F = Levels seen in this place.
 G = Mean time per level.
                   A        B        C        D        E       F      G
               +--------+--------+--------+--------+--------+-----+--------+
         Total |  24246 |  23036 |   1210 |   3002 |  15552 |  21 | 1154.6 |
       Dungeon |  15728 |  14894 |    834 |   2257 |  10078 |  13 | 1209.8 |
        Temple |     25 |      2 |     23 |      0 |      0 |   1 |   25.0 |
          Lair |   6860 |   6561 |    299 |    455 |   4522 |   5 | 1372.0 |
  Orcish Mines |   1630 |   1576 |     54 |    290 |    952 |   2 |  815.0 |
               +--------+--------+--------+--------+--------+-----+--------+

Top non-repeatable levels by time:
    D:12: 1959 daAuts
  Lair:4: 1666 daAuts
  Lair:5: 1659 daAuts
     D:4: 1613 daAuts
  Lair:2: 1597 daAuts
     D:7: 1560 daAuts
     D:8: 1397 daAuts
    D:11: 1391 daAuts
     D:9: 1388 daAuts
    D:10: 1304 daAuts
     D:2: 1243 daAuts
     D:5: 1105 daAuts
  Lair:3: 1044 daAuts
     D:6: 976 daAuts
   Orc:1: 964 daAuts
